 Dungeon Crawl Stone Soup version 0.30-a0-358-g0d69a1922f (webtiles) character file.

Game seed: 11026943066640762757

154 blackman the Sneak (level 5, 0/41 HPs)
             Began as a Human Delver on Nov 8, 2022.
             Slain by a wyvern zombie (5 damage)
             ... on level 5 of the Dungeon.
             The game lasted 00:01:11 (273 turns).

blackman the Sneak (Human Delver)                    Turns: 273, Time: 00:01:11

Health: 0/41       AC:  3    Str: 12    XL:     5   Next: 63%
Magic:  5/5        EV: 12    Int: 11    God:
Gold:   23         SH:  0    Dex: 16    Spells: 4/4 levels left

rFire   . . .      SeeInvis .    a - +0 falchion
rCold   . . .      Faith    .    (no shield)
rNeg    . . .      Spirit   .    b - +0 leather armour
rPois   .          Reflect  .    (no helmet)
rElec   .          Harm     .    (no cloak)
rCorr   .          Rampage  .    (no gloves)
Will    .....                    (no boots)
Stlth   +++.......               (no amulet)
HPRegen 0.26/turn                (no ring)
MPRegen 0.09/turn                (no ring)

@: no status effects
A: no striking features
a: no special abilities


You were on level 5 of the Dungeon.
You visited 1 branch of the dungeon, and saw 1 of its levels.

You collected 23 gold pieces.

Inventory:

Hand Weapons
 a - a +0 falchion (weapon)
Armour
 b - a +0 leather armour (worn)
Wands
 g - a wand of digging (3)
 h - a wand of acid (2)
Scrolls
 c - a scroll of fog
 d - 2 scrolls of magic mapping
 e - 3 scrolls of fear
 m - a scroll of identify {unknown}
 n - 3 scrolls of teleportation {unknown}
Potions
 f - a potion of haste
 i - 2 potions of brilliance {unknown}
 j - a potion of cancellation {unknown}
 k - a potion of flight {unknown}


   Skills:
 - Level 3.0 Fighting
 - Level 2.0 Long Blades
 - Level 2.0 Dodging
 - Level 5.0 Stealth
 * Level 4.9 Evocations


You had 4 spell levels left.
You didn't know any spells.
Your spell library was empty.

Dungeon Overview and Level Annotations

Branches:
Dungeon (5/15)
 Temple: D:4-7

Altars:

Shops:
D:5 :?!


Message History

You throw a poisoned dart.
The poisoned dart barely misses the wyvern zombie.
You slash the wyvern zombie!
The wyvern zombie is lightly damaged.
The wyvern zombie bites you! The wyvern zombie barely misses you.
You hit the wyvern zombie.
The wyvern zombie is moderately damaged.
The wyvern zombie completely misses you.
The wyvern zombie bites you.
You hit the wyvern zombie.
The wyvern zombie is heavily damaged.
The wyvern zombie bites you.
You hit the wyvern zombie.
The wyvern zombie is heavily damaged.
The wyvern zombie barely misses you. x2
You hit the wyvern zombie but do no damage.
The wyvern zombie is heavily damaged.
The wyvern zombie closely misses you.
You hit the wyvern zombie.
The wyvern zombie is severely damaged.
The wyvern zombie barely misses you. The wyvern zombie closely misses you.
You barely miss the wyvern zombie.
The wyvern zombie is severely damaged.
The wyvern zombie barely misses you.
You barely miss the wyvern zombie.
The wyvern zombie is severely damaged.
The wyvern zombie barely misses you. x2
You barely miss the wyvern zombie.
The wyvern zombie is severely damaged.
The wyvern zombie bites you!
* * * LOW HITPOINT WARNING * * *
The wyvern zombie closely misses you.
You hit the wyvern zombie.
The wyvern zombie is almost destroyed.
The wyvern zombie bites you.
* * * LOW HITPOINT WARNING * * *
You hit the wyvern zombie but do no damage.
The wyvern zombie is almost destroyed.
The wyvern zombie bites you.
You die...

######## #......##
#......). #........
#........ #........
#....Z...
#########.......#
######..@Z)(...(......
#.......######......##
#.....>.# ##.....#
#.......# ######
#.......# #.......#
#.......# #.......#
######..#


You could see a wyvern zombie.

Vanquished Creatures
  An ogre (D:5)
  A scorpion (D:5)
  An adder (D:5)
  An orc (D:5)
4 creatures vanquished.

Notes
Turn   | Place    | Note
-------+----------+-------------------------------------------
     0 | D:5      | blackman the Human Delver began the quest for the Orb.
     0 | D:5      | Reached XP level 1. HP: 18/18 MP: 1/1
    46 | D:5      | Found Recer's Distillery.
   105 | D:5      | Noticed a scorpion
   107 | D:5      | Killed a scorpion
   108 | D:5      | Reached XP level 2. HP: 24/24 MP: 2/2
   108 | D:5      | Reached XP level 3. HP: 29/29 MP: 3/3
   108 | D:5      | Reached XP level 4. HP: 35/35 MP: 4/4
   119 | D:5      | Noticed an ogre
   133 | D:5      | Killed an ogre
   134 | D:5      | Reached XP level 5. HP: 41/41 MP: 5/5
   218 | D:5      | Found Qumocad's Magic Scroll Shop.
   220 | D:5      | Found Pesaa's Book Shop.
   273 | D:5      | Slain by a wyvern zombie

Illustrated notes

Levels and vault maps discovered:
D:5:      layout_basic, serial_undead, serial_undead_c, serial_undead_f,
          serial_undead_a, serial_undead_f, serial_shops,
          nicolae_shop_statue_plus, nicolae_stop_n_shop_2, shop,
          supply_closet_lemuel, minmay_quadrilaterals

Skill      XL: |  1  2  3  4 |
---------------+-------------+-----
Evocations     | 3 4 |  4.9
Fighting       | |  3.0
Long Blades    | |  2.0
Dodging        | |  2.0
Stealth        | |  5.0

Action                   |  1- 3 |  4- 6 || total
-------------------------+-------+-------++-------
Melee: Falchion          |       |    12 ||    12
Throw: Dart              |       |     2 ||     2
Evoke: Wand              |     2 |     2 ||     4
  Use: Scroll            |     1 |       ||     1
Dodge: Dodged            |       |    13 ||    13

Table legend: (Time is in decaauts)
 A = Elapsed time spent in this place.
 B = Non-inter-level travel time spent in this place.
 C = Inter-level travel time spent in this place.
 D = Time resting spent in this place.
 E = Time spent auto-exploring this place.
 F = Levels seen in this place.
 G = Mean time per level.
                   A        B        C        D        E       F      G
               +--------+--------+--------+--------+--------+-----+--------+
         Total |    275 |    264 |     11 |      0 |    205 |   1 |  275.0 |
       Dungeon |    275 |    264 |     11 |      0 |    205 |   1 |  275.0 |
               +--------+--------+--------+--------+--------+-----+--------+

Top non-repeatable levels by time:
     D:5: 275 daAuts
